 Dungeon Crawl Stone Soup version 0.30.0-17-ge0270778cf (webtiles) character file.

Game seed: 76138476127807890

59 Brutalitops the Stinger (level 3, -9/28 HPs)
             Began as an Armataur Venom Mage on May 23, 2023.
             Was an Initiate of Qazlal.
             Mangled by an ogre
             ... wielding a +0 giant spiked club
              (24 damage)
             ... on level 4 of the Dungeon.
             The game lasted 00:07:45 (2782 turns).

Brutalitops the Stinger (Armataur Venom Mage)       Turns: 2782, Time: 00:07:46

Health: -9/28      AC:  9    Str: 15    XL:     3   Next: 78%
Magic:  5/5        EV:  8    Int: 15    God:    Qazlal [......]
Gold:   176        SH:  0    Dex: 16    Spells: 4/5 levels left

rFire   . . .        v - +0 long sword
rCold   + . .        (no shield)
rNeg    . . .        a - +0 robe
rPois   .            (no helmet)
rElec   .            (no cloak)
rCorr   .            h - +0 pair of gloves
SInv    .            z - +0 barding
Will    .....        (no amulet)
Stlth   ++           s - +6 ring of dexterity
HPRegen 0.24/turn    x - ring of protection from cold
MPRegen 0.09/turn

%: roll
@: no status effects
A: large, rugged brown scales 3, deformed body, armoured tail, roll, long
tongue, awkward tongue
a: Renounce Religion


You were on level 4 of the Dungeon.
You worshipped Qazlal.
Qazlal was noncommittal.
You visited 1 branch of the dungeon, and saw 4 of its levels.

You collected 176 gold pieces.

Inventory:

Hand Weapons
 q - a +0 mace
 v - a +0 long sword (weapon)
Armour
 a - a +0 robe (worn)
 h - a +0 pair of gloves (worn)
 m - an orb of wrath
 r - a +0 ring mail
 z - a +0 barding (worn)
Magical Staves
 k - a staff of conjuration
Jewellery
 s - a +6 ring of dexterity (left hand)
 x - a ring of protection from cold (right hand)
Scrolls
 c - a scroll of poison {unknown}
 f - 3 scrolls of blinking {unknown}
 j - a scroll of fear {unknown}
 n - 2 scrolls of enchant weapon {unknown}
 u - a scroll of enchant armour {unknown}
 w - a scroll of teleportation {unknown}
 y - 3 scrolls of vulnerability {unknown}
Potions
 b - a potion of magic
 d - a potion of cancellation
 e - a potion of degeneration {unknown}
 g - a potion of ambrosia {unknown}
 i - a potion of might {unknown}
 l - a potion of lignification {unknown}
 o - a potion of flight {unknown}
 p - 3 potions of heal wounds
 t - a potion of brilliance {unknown}
 A - a potion of haste {unknown}


   Skills:
 + Level 0.6 Fighting
 + Level 0.1 Long Blades
 + Level 1.5 Maces & Flails
 + Level 2.3 Dodging
 - Level 2.1 Stealth
 - Level 1.7 Spellcasting
 - Level 0.8 Transmutations
 - Level 2.9 Poison Magic


You had 4 spell levels left.
You knew the following spells:

 Your Spells              Type           Power      Damage    Failure   Level
a - Sting                 Tmut/Pois      28%        1d4       11%         1

Your spell library contained the following spells:

 Spells                   Type           Power      Damage    Failure   Level
 Poisonous Vapours        Pois/Air       10%        N/A       19%         2
 Mephitic Cloud           Conj/Pois/Air  4%         N/A       41%         3
 Ozocubu's Armour         Ice            1%         N/A       56%         3
 Summon Guardian Golem    Hex/Summ       1%         N/A       56%         3
 Olgreb's Toxic Radiance  Pois           10%        N/A       56%         4
 Metabolic Englaciation   Hex/Ice        0%         N/A       99%         5
 Simulacrum               Ice/Necr       0%         N/A       100%        6
 Orb of Destruction       Conj           0%         9d5       100%        7
 Ozocubu's Refrigeration  Ice            0%         4d7       100%        7
 Spellforged Servitor     Conj/Summ      0%         N/A       100%        7


Dungeon Overview and Level Annotations

Branches:
Dungeon (4/15)
 Temple: D:4-7

Altars:
Ashenzari
Nemelex Xobeh
Qazlal
Wu Jian
Yredelemnul


Innate Abilities, Weirdness & Mutations

You are completely covered in rugged brown scales. (AC +3, +7% HP)
Armour fits poorly on your strangely shaped body.
You have a long armoured tail.
You roll when moving toward enemies. (Rampage)
Your long tongue fully drains potion bottles. (2x potion effects)
Your tongue gives you trouble enunciating. (1.5x scroll delay)


Message History

Qazlal grants you and your divine allies immunity to clouds.
(D) Dungeon
Where to? (Enter - D:3 @ (x,y), ? - help)
What level of the Dungeon? (default 1, ? - help)
There is a stone staircase leading down here.
You climb downwards.
There is a stone staircase leading up here.
A ball python is nearby!
The ball python misses you. The ball python barely misses you.
You hit the ball python.
You kill the ball python!
Qazlal accepts your kill.
A - an inky potion You now have 168 gold pieces (gained 18).
You pick up a book of Winter and begin reading...
You add the spells Metabolic Englaciation and Simulacrum to your library.
Found a stone staircase leading up.
Okay, then.
There is a stone staircase leading up here.
Found a chain mail.
You now have 176 gold pieces (gained 8).
A dart slug comes into view.
A ball python and an ogre come into view.
The ogre shouts!
You roll towards the dart slug!
Found a dagger.
The ball python hisses angrily.
You hit the ogre.
The ogre is moderately wounded.
The ogre barely misses you.
You hit the ogre.
The ogre is heavily wounded.
The ogre barely misses you.
You hit the ogre.
The ogre is heavily wounded.
The ogre hits you with a +0 giant spiked club!
The ball python attacks as you move away!
The ball python bites you. The ogre attacks as you move away!
The ogre hits you with a +0 giant spiked club!!
Ouch! That really hurt!
You die...

#..# #..# . .# ###
#..########.. .# #.#
#..#......... .# #.#
##..#......... .# #.#
#...#.........
.#####.######.#.#.........
.#..............#Ow.......
.#.###.######.#.@S........
...# #<# #.###.........
.### #.# #.# #.........
.#####.######.. ).........
............... #####.####
#####.#########. .# #.# .
# #.# ####.####


You could see an ogre, a dart slug and a ball python.

Vanquished Creatures
  2 dart slugs
  2 orcs (D:3)
  4 bats
  5 endoplasms
  A giant cockroach (D:3)
  8 goblins
  5 hobgoblins
  2 jackals (D:1)
  7 kobolds
  3 quokkas
  4 ball pythons
  4 frilled lizards
  2 rats
49 creatures vanquished.

Notes
Turn   | Place    | Note
-------+----------+-------------------------------------------
     0 | D:1      | Brutalitops the Armataur Venom Mage began the quest for the
                  | Orb.
     0 | D:1      | Reached XP level 1. HP: 14/14 MP: 3/3
   213 | D:1      | Reached XP level 2. HP: 3/21 MP: 4/4
  1400 | D:2      | Reached skill level 1 in Maces & Flails
  1434 | D:2      | Reached XP level 3. HP: 28/28 MP: 5/5
  1858 | D:3      | Found a sparkling altar of Nemelex Xobeh.
  2012 | D:3      | Found a basalt altar of Yredelemnul.
  2124 | D:3      | Found a broken altar of Ashenzari.
  2149 | D:3      | Found an ornate altar of the Wu Jian Council.
  2506 | D:3      | Found a stormy altar of Qazlal.
  2624 | D:3      | Became a worshipper of Qazlal Stormbringer
  2775 | D:4      | Noticed an ogre
  2782 | D:4      | Mangled by an ogre

Illustrated notes

Levels and vault maps discovered:
D:1:      dreamdust_arrival_beginning_and_end, layout_basic
D:2:      layout_basic, eino_curves_03
D:3:      layout_basic, nicolae_overflow_quartered_altars, marbit_many_paths
D:4:      layout_loops_ring, general_overflow_altar, serial_aquarium,
          aquarium_bridge_square [aquarium_subvault_bridge,
          aquarium_subvault_wall, aquarium_subvault_wall,
          aquarium_subvault_window], aquarium_window_corner, aquarium_window_1,
          aquarium_window_fake, aquarium_view_2d, aquarium_pool_2, uniq_robin,
          uniq_pikel

Skill      XL: |  1  2 |
---------------+-------+-----
Dodging        | 2 |  2.3
Maces & Flails | 1 |  1.5
Fighting       | |  0.6
Long Blades    | |  0.1
Stealth        | |  2.1
Spellcasting   | |  1.7
Transmutations | |  0.8
Poison Magic   | |  2.9

Action                     || total
---------------------------++-------
  Melee: Club              ||    53
         Unarmed           ||    11
         Tailslap          ||    19
         Mace              ||    59
         Long sword        ||    17
         Punch             ||     1
   Cast: Sting             ||     7
    Use: Scroll            ||     3
   Stab: Sleeping          ||    11
 Armour: Robe              ||    50
  Dodge: Dodged            ||    84
